 Dungeon Crawl Stone Soup version 0.22-a0-254-gaf95ca0 (webtiles) character file.

22 mortelune the Chiller (level 2, -2/19 HPs)
             Began as a Demonspawn Ice Elementalist on Mar 4, 2018.
             Slain by a kobold
             ... wielding a +2 whip of electrocution
              (20 damage)
             ... on level 1 of the Dungeon.
             The game lasted 00:02:14 (826 turns).

mortelune the Chiller (Demonspawn Ice Elementalist)  Turns: 826, Time: 00:02:14

Health: -2/19      AC:  2    Str:  8    XL:     2   Next: 68%
Magic:  1/5        EV: 12    Int: 16    God:
Gold:   14         SH:  0    Dex: 13    Spells: 3/6 levels left

rFire    . . .     SeeInvis .   b - +0 club
rCold    . . .     Gourm    .   (no shield)
rNeg     . . .     Faith    .   a - +0 robe
rPois    .         Spirit   .   (no helmet)
rElec    .         Reflect  .   (no cloak)
rCorr    .         Harm     .   (no gloves)
MR       .....                  (no boots)
Stlth    +++.......             (no amulet)
HPRegen  0.06/turn              (no ring)
MPRegen  0.09/turn              (no ring)

@: very slightly contaminated
A: nightstalker 1
a: no special abilities


You were on level 1 of the Dungeon.
You were not hungry.

You visited 1 branch of the dungeon, and saw 2 of its levels.

You collected 14 gold pieces.

Inventory:

Hand Weapons
 b - a +0 club (weapon)
Armour
 a - a +0 robe (worn)
Scrolls
 e - 3 scrolls of teleportation {unknown}
 i - 2 scrolls of identify {unknown}
 j - a scroll of remove curse {unknown}
Potions
 f - a potion of invisibility {unknown}
 g - a potion of might {unknown}
 h - a potion of heal wounds {unknown}
 k - a potion of degeneration {unknown}
Comestibles
 c - a ration


   Skills:
 - Level 1.7 Dodging
 - Level 1.7 Stealth
 + Level 2.5 Spellcasting
 + Level 1.1 Conjurations
 * Level 3.2 Ice Magic


You had 3 spell levels left.
You knew the following spells:

 Your Spells              Type           Power        Failure   Level  Hunger
a - Freeze                Ice            ##..         5%          1    #......
b - Throw Frost           Conj/Ice       #.....       12%         2    ##.....


Dungeon Overview and Level Annotations

Branches:
Dungeon (2/15)

Altars:


Innate Abilities, Weirdness & Mutations

You are slightly more attuned to the shadows.


Message History

The kobold shouts! x2
The kobold throws a stone.
The stone hits you but does no damage.
You see here a stone.
The kobold hits you.
Casting: Throw Frost (safe; 12% risk of failure)
Confirm with . or Enter, or press ? or * to list all spells.
Aiming: Freeze (safe; 5% risk of failure)
Press: ? - help, Shift-Dir - straight line, f - kobold
Aim: a kobold, wearing a leather armour You freeze the kobold.
The kobold is moderately wounded.
The kobold barely misses you.
Casting: Freeze (safe; 5% risk of failure)
Confirm with . or Enter, or press ? or * to list all spells.
You don't have enough magic to cast that spell.
Unknown command.
You closely miss the kobold. The kobold barely misses you.
The kobold hits you but does no damage.
You are electrocuted!
Ouch! That really hurt!
You die...

#.# ..#...#.#.#.
#.# #.[.#.......
##.####..b...#....#
#.....##.......#...
#.....#..........#.
#.....##...........
#.(.....# #.#.#.#.#
#.....#.#### ###
#.@†..#......## #.
#KK...# #.....####
#.....# ##...>)
#.....# #....#####
#.....# #.## ..
######. ####.## ..
....... ######. #.


You could see 2 kobolds.

Vanquished Creatures
  A leopard gecko (D:1)
  2 bats (D:1)
  A giant cockroach (D:1)
  4 goblins (D:1)
  3 hobgoblins (D:1)
  2 kobolds
  2 frilled lizards
  3 rats
18 creatures vanquished.

Notes
Turn   | Place    | Note
-------+----------+-------------------------------------------
     0 | D:1      | mortelune the Demonspawn Ice Elementalist began the quest for the Orb.
     0 | D:1      | Reached XP level 1. HP: 13/13 MP: 3/3
   160 | D:1      | Reached skill level 3 in Ice Magic
   160 | D:1      | Gained mutation: You are slightly more attuned to the shadows. [demonic ancestry]
   160 | D:1      | Reached XP level 2. HP: 19/19 MP: 0/5
   264 | D:1      | Learned a level 2 spell: Throw Frost
   826 | D:1      | Slain by a kobold

Vault maps used:
D:1:      co_arrival_square_in_a_square_in_a_square
D:2:      first_ration, uniq_natasha

Skill      XL: |  1 |
---------------+----+-----
Ice Magic      | 3 |  3.2
Dodging        | |  1.7
Stealth        | |  1.7
Spellcasting   | |  2.5
Conjurations   | |  1.1

Action                   || total
-------------------------++-------
Melee: Club              ||    11
 Cast: Freeze            ||    20
       Throw Frost       ||     6
Armor: Robe              ||    14
Dodge: Dodged            ||    32

Table legend:
 A = Spawn XP
 B = Non-spawn XP
 C = Spawn XP percentage of total XP
 D = Spawn monster count
 E = Non-spawn monster count
 F = Spawn count percentage of total count
 G = Total turns spent on level
                    A         B        C        D         E        F      G
               +---------+---------+-------+---------+---------+-------+---------
         Total |       0 |      32 |   0.0 |       0 |      18 |   0.0 |   826
               +---------+---------+-------+---------+---------+-------+---------
           D:1 |       0 |      28 |   0.0 |       0 |      15 |   0.0 |   701
           D:2 |       0 |       4 |   0.0 |       0 |       3 |   0.0 |   125
               +---------+---------+-------+---------+---------+-------+---------
